General information
- name: BNet
- type: Ladder 1vs1/FFA
- host: Battle.net
- saver: SCHADENFRAUDE
map: CentaurGrove
- players: 2
- length: 08:39
- speed: Fast
- version: 1.24 W3XP
- replay type: Public
» download(20 KB)
Players
team 1 (winner)
SCHADENFRAUDE (
blue | 32 APM | 277 actions | 08:39)
» actions
| Basic commands | 1 | |
| Build / train | 17 | |
| Enter build submenu | 24 | |
| Right click | 135 | |
| Select / deselect | 72 | |
| Use ability | 28 | |
277 total
» units
» buildings
| Arcane Vault | 5 | |
| Farm | 6 | |
| Scout Tower | 10 | |
| Arcane Tower | 1 | |
22 total
» build order
01:09 Arcane Vault
01:21 Arcane Vault
01:32 Arcane Vault
01:51 Arcane Vault
02:10 Farm
02:21 Farm
02:36 Scout Tower
02:39 Scout Tower
02:41 Scout Tower
02:49 Scout Tower
03:00 Scout Tower
03:09 Farm
03:10 Farm
03:11 Farm
03:13 Farm
03:27 Arcane Vault
04:50 Arcane Tower
05:06 Scout Tower
05:08 Scout Tower
05:11 Scout Tower
05:14 Scout Tower
05:21 Scout Tower
team 2 (loser)
DeathLord (
orange | 40 APM | 349 actions | 08:39)
2 Blademaster
1 Wind Walk
1 Mirror Image
» actions
| Basic commands | 4 | |
| Build / train | 15 | |
| Enter build submenu | 13 | |
| Enter hero's abilities submenu | 2 | |
| Right click | 227 | |
| Select / deselect | 74 | |
| Use ability | 14 | |
349 total
» units
| Peon | 6 | |
| Troll Headhunter/Berserker | 6 | |
12 total
» buildings
| Altar of Storms | 1 | |
| Barracks | 2 | |
| Orc Burrow | 6 | |
| War Mill | 1 | |
10 total
» build order
00:07 Altar of Storms
00:09 Barracks
00:11 Orc Burrow
01:40 War Mill
02:00 Barracks
02:14 Orc Burrow
02:32 Orc Burrow
07:00 Orc Burrow
07:01 Orc Burrow
07:04 Orc Burrow
Chat log
(00:14 / All) SCHADENFRAUDE: Warcraft III Has Detected A Hack! Press Alt And QQ To Report!
(00:15 / All) DeathLord: GL HF
(04:17 / All) DeathLord: LET ME IN :O
(06:23 / All) SCHADENFRAUDE: MY STRAT IS PRO. FUCK YOU
(06:28 / All) DeathLord: lol
(06:36 / All) DeathLord: i love you too :D
(07:17 / All) DeathLord: Can you leave now?
(07:24 / All) SCHADENFRAUDE: FUCK YOU. MY STRAT IS PRO
(07:32 / All) DeathLord: I think Warcraft Detected a hack on you o.o
(07:37 / All) SCHADENFRAUDE: FUCK YOU. PRO STRAT
(07:53 / All) SCHADENFRAUDE: I LEARNED THIS STRAT FROM GRUBBY
(07:59 / All) SCHADENFRAUDE: IT IS PRO
(08:01 / All) DeathLord: Who the fuck is grubby?
(08:06 / All) SCHADENFRAUDE: WC3 pro gamer
(08:08 / All) SCHADENFRAUDE: FUCK YOU
(08:09 / All) SCHADENFRAUDE: PRO STRAT
(08:12 / All) SCHADENFRAUDE: HE IS KOREAN
(08:14 / All) DeathLord: I sure bet.
(08:15 / All) SCHADENFRAUDE: HE IS KROREAN
(08:16 / All) SCHADENFRAUDE: PRO
(08:17 / All) SCHADENFRAUDE: PRO
(08:19 / All) SCHADENFRAUDE: PRO
(08:22 / All) SCHADENFRAUDE: FACK YOU NEEEGER
(08:29 / All) SCHADENFRAUDE: FACK YOU NEEEEEEGGAAAAR
(08:33 / All) DeathLord: SUCK MY DICKSUCK MY DICKSUCK MY DICKSUCK MY DICKSUCK MY DICKSUCK MY DICKSUCK MY DICKSUCK MY DICKSUCK MY DICKSUCK MY DICK
(08:33 / All) SCHADENFRAUDE: FAAACK
(08:35 / All) SCHADENFRAUDE: FAAACK
(08:37 / All) SCHADENFRAUDE: FAAACK YOU
(08:38 / All) DeathLord: SUCK MY DICKSUCK MY DICKSUCK MY DICKSUCK MY DICKSUCK MY DICKSUCK MY DICKSUCK MY DICKSUCK MY DICKSUCK MY DICKSUCK MY DICK